Cogmind - Beta 16 @@@ ROGUE MODE // 2025.10.31 @ 21:20:53 Player: 0631 Result: Destroyed by C-17 Slicer with Blade Saw Performance ------------- Evolutions (2) 1000 Regions Visited (4) 800 Robots Destroyed (29) 145 Value Destroyed (581) 581 Prototype IDs (0) 0 Alien Tech Used (0) 0 Bonus (0) 0 TOTAL SCORE: 2526 Bonus ------- None Cogmind --------- Core Integrity 0/550 Matter 300/300 Energy 100/100 System Corruption 0% Temperature Cool (0) Movement Core (50) Location -8/Materials Parts ------- > --- POWER (1) -------- (None) > --- PROPULSION (3) --- (None) > --- UTILITY (3) ------ Machine Analyzer > --- WEAPON (4) ------- (None) > --- INVENTORY (5) ---- Small Matter Pod (50) Improved Propulsion Shielding Improved Propulsion Shielding Particle Gun Improved Assault Rifle Peak State ------------ > --- POWER ------------ Light Nuclear Core > --- PROPULSION ------- Aluminum Leg Aluminum Leg Aluminum Leg > --- UTILITY ---------- Heat Sink Small Storage Unit Improved Light Armor Plating > --- WEAPON ----------- Spread Laser Ion Cannon Light Assault Rifle > --- INVENTORY -------- Aluminum Leg Small Matter Pod Visual Processing Unit Improved Propulsion Shielding Improved Light Armor Plating Particle Gun [Rating: 18] Favorites ----------- Power Ion Engine Engine Ion Engine Power Core Light Nuclear Core Propulsion Aluminum Leg Leg Aluminum Leg Wheel Wheel Utility Small Storage Unit Device Heat Sink Storage Small Storage Unit Processor Machine Analyzer Protection Improved Light Armor Plating Weapon Assault Rifle Energy Gun Particle Gun Energy Cannon Ion Cannon Ballistic Gun Assault Rifle Launcher Grenade Launcher Build | -11 -10 -9 -9 -8 ------- Run | Yrd Mat Mat Min Mat Slots Evolved 4 | . . 2 . 2 Power . | . . . . . Propulsion 1 | . . 1 . . Utility 1 | . . . . 1 Weapon 2 | . . 1 . 1 Parts Attached 23 | 7 3 6 1 6 Power 3 | 1 . 1 . 1 Engine 2 | 1 . 1 . . Core 1 | . . . . 1 Reactor . | . . . . . Propulsion 7 | 3 . 3 1 . Treads . | . . . . . Leg 6 | 2 . 3 1 . Wheel 1 | 1 . . . . Hover . | . . . . . Flight . | . . . . . Utility 4 | 1 1 . . 2 Device 1 | . 1 . . . Storage 1 | 1 . . . . Processor 1 | . . . . 1 Hackware . | . . . . . Protection 1 | . . . . 1 Artifact . | . . . . . Weapon 9 | 2 2 2 . 3 Energy Gun 4 | . 1 1 . 2 Energy Cannon 1 | . . . . 1 Ballistic Gun 3 | 2 . 1 . . Ballistic Cannon . | . . . . . Launcher 1 | . 1 . . . Special Weapon . | . . . . . Impact Weapon . | . . . . . Slashing Weapon . | . . . . . Piercing Weapon . | . . . . . Special Melee Weapon . | . . . . . Unidentified Prototypes . | . . . . . Parts Lost 19 | . . 8 . 11 Power 3 | . . 2 . 1 Propulsion 6 | . . 2 . 4 Utility 2 | . . . . 2 Weapon 8 | . . 4 . 4 Highest Loss Streak 10 | . . 4 . 10 To Critical Strikes . | . . . . . Average Backups 5 | 3 6 4 2 6 Power . | . 1 . . . Propulsion 1 | 1 2 1 1 . Utility 1 | . . 1 1 4 Weapon 1 | 1 2 . . 1 Tool/Special . | . . . . . Unused Backups 9 | . 2 . . 7 Power 1 | . 1 . . . Propulsion 1 | . 1 . . . Utility 6 | . . . . 6 Weapon 1 | . . . . 1 Tool/Special . | . . . . . Average Slot Usage (%) 80 | . 94 83 75 64 Engine 7 | . 14 10 . . Core 2 | . . . . 6 Leg 24 | . 28 26 31 17 Device 8 | . 8 11 11 6 Storage 10 | . 14 11 11 6 Protection 2 | . . . . 5 Energy Gun 8 | . 8 9 11 7 Energy Cannon 2 | . . . . 6 Ballistic Gun 12 | . 18 13 11 5 Peak Build Rating 18 | 6 8 10 8 18 Average Rating 9 | 3 7 8 7 13 On Entrance 5 | . 6 8 7 8 Avg Prop Armor Cover (%) . | . . . . . Naked Turns 22 | . . . . 22 Heaviest Build 26 | 14 17 18 10 26 Greatest Support 30 | 20 20 30 30 30 Greatest Overweight (x) 2 | . . . . 2 Average Overweight (x) . | . . . . . Largest Inventory Capacity 8 | 8 8 8 8 8 Average Capacity 7 | 7 8 8 8 7 Most Carried 8 | 8 8 8 4 8 Average Carried 6 | 3 6 4 2 6 Final Capacity 8 | 8 8 8 8 5 Final Carried 8 | 4 8 8 4 5 Class Distribution -------------------- 62% | Mutant 14% | Scavenger-Tank 11% | Scavenger-Mutant 5% | Scavenger-Gunner 5% | Tank Dominant Class ---------------- Mutant | -10/Materials Mutant | -9/Materials Scavenger-Mutant | -9/Mines Scavenger-Tank | -8/Materials Resources | -11 -10 -9 -9 -8 ----------- Run | Yrd Mat Mat Min Mat Matter Collected 767 | 261 176 91 59 180 Remotely . | . . . . . Salvage Created 603 | . 258 141 . 204 Parts 51 | . 15 19 . 17 Haulers Intercepted 1 | . . . . 1 Recyclers Shooed 1 | . . 1 . . Parts Field Recycled . | . . . . . Retrieved Matter . | . . . . . Parts Self-Destructed . | . . . . . Prevented . | . . . . . Parts Restored . | . . . . . Kills | -11 -10 -9 -9 -8 ------- Run | Yrd Mat Mat Min Mat Combat Hostiles Destroyed 21 | . 8 7 . 6 Guns 14 | . 5 4 . 5 AOE 6 | . 3 3 . . Classes Destroyed 7 | . 3 2 . 2 Worker 1 | . . . . 1 Builder 5 | . . 4 . 1 Hauler 1 | . . . . 1 Watcher 1 | . 1 . . . Swarmer 10 | . 3 4 . 3 Grunt 10 | . 5 2 . 3 Sentry 1 | . . 1 . . Best Kill Streak 9 | . 3 9 . 5 Combat Bots Only 5 | . 3 5 . 3 Max Kills in Single Turn 3 | . 3 3 . 1 Gunslinging . | . . . . . Exploded 3 | . 3 2 . . Melee . | . . . . . Uniques/NPCs Destroyed . | . . . . . Combat | -11 -10 -9 -9 -8 -------- Run | Yrd Mat Mat Min Mat Hostile Shots Fired 227 | . 32 87 5 103 Missed 65 | . 9 27 3 26 Hits 162 | . 23 60 2 77 Melee 12 | . . . . 12 Projectile 150 | . 23 60 2 65 AOE 3 | . . . . 3 Critical Strikes 3 | . . 1 . 2 Damage Taken 2455 | . 288 787 17 1363 Core 741 | . 80 95 . 566 Absorbed by Shields . | . . . . . Regen/Repaired (Parts) 86 | . . . . 86 Core Remaining (%) 81 | 100 68 . 76 . Volleys Fired 77 | . 23 24 4 26 Largest 3 | . 2 3 1 3 Hottest 145 | . 85 105 65 145 Shots Fired 169 | . 45 51 4 69 Gun 141 | . 44 45 4 48 Cannon 21 | . . . . 21 Launcher 7 | . 1 6 . . Special . | . . . . . Kinetic 94 | . 39 32 2 21 Thermal 68 | . 5 13 2 48 Explosive 7 | . 1 6 . . Electromagnetic . | . . . . . Robot Hit Streak 14 | . 12 11 2 14 Robot Miss Streak 9 | . 2 4 1 9 Penetration Max . | . . . . . Secondary Targets 1 | . 1 . . . Max Gunslinging Chain 1 | . 1 . . . Shots Hit Robots 111 | . 30 32 2 47 Core Hits 63 | . 13 17 . 33 Critical Kills 1 | . . . . 1 Critical Parts Destroyed . | . . . . . Critical Strikes 2 | . . 1 . 1 Burn 1 | . . 1 . . Meltdown 1 | . . . . 1 Melee Attacks . | . . . . . Impact . | . . . . . Slashing . | . . . . . Piercing . | . . . . . Sneak Attacks . | . . . . . Combat Hostiles . | . . . . . Follow-up Attacks . | . . . . . Damage Inflicted 1997 | . 487 737 23 750 Guns 1160 | . 362 340 23 435 Cannons 293 | . . . . 293 Explosions 522 | . 125 397 . . Melee . | . . . . . Ramming 22 | . . . . 22 Kinetic 598 | . 332 168 8 90 Thermal 855 | . 30 172 15 638 Explosive 522 | . 125 397 . . Electromagnetic . | . . . . . Impact . | . . . . . Slashing . | . . . . . Piercing . | . . . . . Highest Corruption 3 | . . 3 3 . Average Corruption 2 | . . 2 3 . Corruption Purged . | . . . . . Corruption Blocked . | . . . . . Effects 1 | . . . 1 . Message Errors 1 | . . . 1 . Overload Shots . | . . . . . Overflow Damage . | . . . . . Projectiles . | . . . . . Explosions . | . . . . . Melee . | . . . . . Knockbacks . | . . . . . Impact . | . . . . . Kinetic . | . . . . . Secondary . | . . . . . Self-Inflicted Damage . | . . . . . Shots . | . . . . . Rammed . | . . . . . Targets Rammed 2 | . . . . 2 Kicked 2 | . . . . 2 Crushed . | . . . . . Highest Temperature 320 | . 4 72 . 320 Average Temperature 91 | . 2 26 . 117 Received Heat Transfer 846 | . 153 288 . 405 Siege Activations . | . . . . . Martial Activations . | . . . . . Shielding Activations . | . . . . . Robots Disrupted . | . . . . . Combat Hostiles . | . . . . . Robots Corrupted . | . . . . . Combat Hostiles . | . . . . . Parts Fried . | . . . . . Impact Corruptions . | . . . . . Robots Melted 1 | . . . . 1 Combat Hostiles 1 | . . . . 1 Parts Melted 4 | . . . . 4 Heat Transferred 1588 | . 74 481 37 996 Parts Sabotaged . | . . . . . Parts Stolen . | . . . . . Parts Stripped . | . . . . . Power Chain Reactions . | . . . . . Alert | -11 -10 -9 -9 -8 ------- Run | Yrd Mat Mat Min Mat Maximum Alert Level 1 | . . . . 1 Low Security (%) 95 | 100 100 100 100 85 Level 1 4 | . . . . 14 Level 2 . | . . . . . Level 3 . | . . . . . Level 4 . | . . . . . Level 5 . | . . . . . High Security . | . . . . . Max Security . | . . . . . Peak Influence 252 | . 118 140 27 252 Initial 27 | . . 24 27 2 Average 75 | . 59 87 17 106 Influence Increases 897 | . 255 226 . 416 Destroy 0b10 Robot/C 420 | . 160 140 . 120 Destroy 0b10 Robot/NC 40 | . 5 20 . 15 Destroy Leader 94 | . 42 20 . 32 Successful Hack 30 | . 26 . . 4 Destroy Structure 28 | . 7 16 . 5 Partial Spotted 15 | . 15 . . . Lose Combat Pursuer 270 | . . 30 . 240 Influence Decreases 741 | . 196 215 63 267 Entered New Map 83 | . . 35 43 5 Time Decay 468 | . 196 100 20 152 Lost Part 190 | . . 80 . 110 Squads Dispatched 8 | . 3 1 . 4 Investigation 1 | . 1 . . . Extermination . | . . . . . Reinforcement 6 | . 2 1 . 3 Assault . | . . . . . Garrison 1 | . . . . 1 Intercept . | . . . . . Searches Triggered . | . . . . . Construction Impeded 2 | . . 1 . 1 Haulers Reinforced . | . . . . . Active Scanning Responses . | . . . . . Cargo Convoy Interrupts . | . . . . . Stealth | -11 -10 -9 -9 -8 --------- Run | Yrd Mat Mat Min Mat Distress Signals 4 | . . 1 . 3 Communications Jammed . | . . . . . Distress Signals . | . . . . . Times Spotted 67 | . 12 16 7 32 Peak Tracking Total 10 | . 3 8 7 10 Tactical Retreats 6 | . . 1 . 5 Traps | -11 -10 -9 -9 -8 ------- Run | Yrd Mat Mat Min Mat Traps Triggered 3 | . 1 2 . . Indirectly . | . . . . . Trap Hack Attempts . | . . . . . Triggered . | . . . . . Disarmed . | . . . . . Reprogrammed . | . . . . . Reused . | . . . . . Traps Extracted . | . . . . . Installed . | . . . . . Triggered . | . . . . . Machines | -11 -10 -9 -9 -8 ---------- Run | Yrd Mat Mat Min Mat Machines Disabled . | . . . . . Max in Single Turn . | . . . . . Machines Repaired . | . . . . . Machines Dismantled . | . . . . . Machines Sabotaged . | . . . . . Overloaded Fab Kills . | . . . . . Hacking | -11 -10 -9 -9 -8 --------- Run | Yrd Mat Mat Min Mat Machines Accessed 3 | . 1 . . 2 Terminals 1 | . 1 . . . Fabricators . | . . . . . Repair Stations 1 | . . . . 1 Recycling Units . | . . . . . Scanalyzers . | . . . . . Garrison Access 1 | . . . . 1 Total Hacks 10 | . 4 . . 6 Successful 5 | . 2 . . 3 Failed 5 | . 2 . . 3 Catastrophic . | . . . . . Database Lockouts . | . . . . . Manual . | . . . . . Terminals 4 | . 4 . . . Fabricators . | . . . . . Repair Stations 2 | . . . . 2 Recycling Units . | . . . . . Scanalyzers . | . . . . . Garrison Access 4 | . . . . 4 Terminal Hacks 2 | . 2 . . . Record 1 | . 1 . . . Dispatch Records 1 | . 1 . . . Fabricator Hacks . | . . . . . Repair Station Hacks 2 | . . . . 2 Scan Component 1 | . . . . 1 Repair 1 | . . . . 1 Recycling Unit Hacks . | . . . . . Scanalyzer . | . . . . . Garrison Access Hacks 1 | . . . . 1 Unlock Access 1 | . . . . 1 Unauthorized Hacks . | . . . . . Terminals . | . . . . . Fabricators . | . . . . . Repair Stations . | . . . . . Recycling Units . | . . . . . Scanalyzers . | . . . . . Garrison Access . | . . . . . Data Cores Recovered . | . . . . . Used . | . . . . . Hacking Detections 2 | . 1 . . 1 Full Trace Events 1 | . 1 . . . Feedback Events . | . . . . . Feedback Blocked . | . . . . . Robot Schematics Acquired . | . . . . . Robots Built . | . . . . . Authchips . | . . . . . Time . | . . . . . Total Robot Build Rating . | . . . . . Part Schematics Acquired . | . . . . . Parts Built . | . . . . . Authchips . | . . . . . Time . | . . . . . Total Part Build Rating . | . . . . . Part Studies Acquired . | . . . . . Parts Repaired 1 | . . . . 1 Time 26 | . . . . 26 Parts Recycled . | . . . . . Recycled Matter . | . . . . . Retrieved Matter . | . . . . . Retrieved Components . | . . . . . Parts Scanalyzed . | . . . . . Part Schematics Acquired . | . . . . . Parts Damaged . | . . . . . Bothacking | -11 -10 -9 -9 -8 ------------ Run | Yrd Mat Mat Min Mat Used RIF Installer . | . . . . . Robots Hacked . | . . . . . Non-combat . | . . . . . Combat . | . . . . . Robot Hacks Applied . | . . . . . Relay Couplers Released . | . . . . . Fabnet Peak Effective % . | . . . . . Robots Rewired . | . . . . . Allies Hacked . | . . . . . Hacks Repelled . | . . . . . Allies | -11 -10 -9 -9 -8 -------- Run | Yrd Mat Mat Min Mat Total Allies . | . . . . . Largest Group . | . . . . . Highest-Rated Group . | . . . . . Highest-Rated Ally . | . . . . . Total Orders . | . . . . . Ally Attacks . | . . . . . Total Damage . | . . . . . Kills . | . . . . . Allies Corrupted . | . . . . . Allies Melted . | . . . . . Intel | -11 -10 -9 -9 -8 ------- Run | Yrd Mat Mat Min Mat Active Infowar (turns) 69 | . . . . 69 Machine Analysis 69 | . . . . 69 Robot Analysis Total . | . . . . . Derelict Logs Recovered . | . . . . . Drone Launches . | . . . . . Drone Recoveries . | . . . . . Exploration | -11 -10 -9 -9 -8 ------------- Run | Yrd Mat Mat Min Mat Turns Passed 1271 | 58 523 207 56 427 Spaces Moved 741 | 41 283 103 37 277 Core 138 | 1 . . . 137 Treads . | . . . . . Legs 586 | 23 283 103 37 140 Wheels 17 | 17 . . . . Hover . | . . . . . Flight . | . . . . . Fastest Speed 50 | 50 120 120 120 50 Average Speed 110 | 101 120 120 120 97 Slowest Speed 260 | 120 120 120 120 260 Overloaded Moves . | . . . . . Propulsion Burnouts . | . . . . . Robots Hopped . | . . . . . Potential Cave-ins . | . . . . . Cave-ins Triggered . | . . . . . Exploration Rate (%) 20 | 4 38 19 15 28 Regions Visited 4 Branch Regions 1 Pre-discovered Areas . | . . . . . Known Exits Taken . | . . . . . Unknown Exits Taken 4 | 1 1 1 1 . Scrap Searched 1 | . . . 1 . Spaces Dug . | . . . . . Terrain Destroyed 21 | . 3 13 . 5 Melee . | . . . . . Projectile 5 | . . . . 5 AOE 16 | . 3 13 . . Terrain Rammed . | . . . . . Walls Destroyed . | . . . . . Machines Disabled . | . . . . . Actions | -11 -10 -9 -9 -8 --------- Run | Yrd Mat Mat Min Mat Total 1049 | 57 423 139 44 386 Wait 157 | . 101 1 . 55 Move 737 | 40 282 102 36 277 Hop . | . . . . . Pick Up 35 | 10 9 2 2 12 Fast Attach . | . . . . . Attach 22 | 6 1 7 1 7 Detach 1 | . . . . 1 Swap 10 | 1 3 3 1 2 Drop 8 | . 4 . . 4 Fire 77 | . 23 24 4 26 Melee . | . . . . . Ram . | . . . . . Kick 2 | . . . . 2 Crush . | . . . . . Escape Stasis . | . . . . . Rewire . | . . . . . Trap . | . . . . . Miscellaneous . | . . . . . Route ------- -11/Scrapyard -10/Materials -9/Materials -9/Mines -8/Materials (discovered 1 exit: Gar) History --------- Turn | Location | Event 17 | -11/Scrapyard | Discovered new exit (range 16) 59 | -11/Scrapyard | Entered Materials 313 | -10/Materials | Build established: Mutant 552 | -10/Materials | Discovered new exit (range 10) 582 | -10/Materials | Entered another Materials area 582 | -9/Materials | Evolved 2 slots: Propulsion x1, Weapon x1 695 | -9/Materials | Lost 4 parts (1n3w) 769 | -9/Materials | Discovered new exit (range 11) 780 | -9/Materials | Lost 3 parts (1p1n1w) 789 | -9/Materials | Entered Mines 812 | -9/Mines | Discovered new exit (range 15) 845 | -9/Mines | Entered Materials 845 | -8/Materials | Evolved 2 slots: Utility x1, Weapon x1 865 | -8/Materials | Identified exit to Garrison 944 | -8/Materials | Repaired Aluminum Leg 985 | -8/Materials | Garrison activated, responded to threat 1212 | -8/Materials | Lost 10 parts (1p3n2u4w) 1212 | -8/Materials | Core integrity fell below 50% 1271 | -8/Materials | Core integrity fell below 20% 1272 | -8/Materials | Destroyed by C-17 Slicer with Blade Saw Last Messages --------------- Dropped Sml. Storage Unit. Dropped Imp. Light Armor Plating. Lgt. Nuclear Core destroyed. Dropped Imp. Propulsion Shielding. Acquired Prototype Ballistic Gun. Dropped Particle Gun. Acquired Machine Analyzer. Acquired Particle Gun. >> Machine Analyzer network decryption results: Terminal x2 Acquired 10 matter. >> Machine Analyzer network decryption results: Terminal x1 ALERT: Suspicious intruders detected, dispatching Cutter reinforcements to area. [Achievement: Heavy Suspicion] W-25 Informer sends out distress signal. Knocked back. O-24 Administrator knocked back. Knocked back. Map ----- +----------------------------------------------------+ | ???????????# # """ ## + """ "" | | ???????????# T + """ ## #### ! """ "" | | ???????????# # ## #??# !! | | ???????????# ##### ## ## ##?####/###### | | ???????#######+####### ## " " # ###### ###### | | ???????# # ## "R" # | | ???????# # ## """ # | | ???????# """"" # ########## #####+####### | | ???????# """"" # #??########+###??? ?????? | | ???????# """"" # #??# #??? ! ????? | | ???????# # #??# """ #?? ???? | | ???????############### #### """"" #?? ???? | | ???????? ## """"" #? ??? | | ?T?????? ## """" #?""""" #?? | | ???????? ##! " " # """"" #?? | | ?????????############# ## # ?"""" #?? | | ?????????????????##### ####+#########?????####?? | | ?????????????????? # w#??#%#?# #####??????? | | ??????????????????# k #??# #?# + ???????? | | ??????????????????##=/ %#??# ### #??????????? | | ???????????????????###c w#### !# "" #??????????? | | ????????????????????## %+ """ #??????????? | | ??????????########### c ### # """ #??????????? | | ??????????# c #?# # #??????????? | | ??????????# """ """ #Y #?# # !#??????????? | | ??????????# """ """ Y c@### #######??????????? | | ??????????# """ """ # ### #????????????????? | | ??????????# #? ????????????????? | | ??????????# ! ! # " ???????????????? | | ??????????#########+## # "T ??????????????? | | ?????????????????# ??????????????? | | ?????????????????# ###?????????????? | | ?????????????????# ##/###???????????????? | | ?????????????????# #?? ??????????"""?????? | | ?????????????????# #?????????????"""?????? | | ?????????????????# o #?????????????"""?????? | | ?????????????????# #?????????????????????? | | ?????????????????# [ #?????????????"""?????? | | ?????????????????###########?????????????"""?????? | | ?????????????????????????????????????????"""?????? | | ?????????????????????????????????????????????????? | | ?????????????????????????????????????????????????? | | ?????????????????????????????????????????????????? | | ?????????????????????????????????????????????????? | | ?????????????????????????????????????????????????? | | ?????????????????????????????????????????????????? | | ?????????????????????????????????????????????????? | | ?????????????????????????????????????????????????? | | ?????????????????????????????????????????????????? | | ?????????????????????????????????????????????????? | +----------------------------------------------------+ Best States ------------- Heat Dissipation 41 Energy Generation 14 Energy Capacity 250 Matter Stores 300 Matter Capacity 300 Sight Range 16 Terrain Scan Density 10 Armor Coverage 150 Evasion (%) 55 Item Schematics ----------------- None Robot Schematics ------------------ None Fabricated ------------ Nothing Repaired ---------- Aluminum Leg | 4% | -8/Materials Studied --------- None Alien Tech Used ----------------- None Achievements -------------- Heavy Suspicion Loot Pinata Troublemaker Challenges ------------ None Game ------ Seed DisruptorHardlightMultirail Manual? 0 Play Time 00:41:27 Cumulative 6.7 hours Start 2025.10.31 @ 20:32:25 End 2025.10.31 @ 21:20:53 Sessions 1 Manual Loads 0 Difficulty Rogue Special Mode None Game No. 10 Rogue 10 Adventurer 0 Explorer 0 Win Type - Total 0 Types 0/0/0/0/0/0/0/0/0/0 Lore% 6 Gallery% 5 Achievement% 8 Wizard Run 0 Options --------- Layout 1 ASCII 0 Keyboard 1 Movement Numpad Keybinds 0 Fullscreen 1 Font 24/Smallcaps Map View 50x40 Zoom Use 0% Tactical HUD 0 Map Filters NONE Filters NONE Steam 1 RUN: b0481d01-1bfa-4049-afc4-84cd5f8d72d6